Map: Prion Terraces

Players

김동현

  • Race: Terran Terran
  • League: Platinum

ILLBdA - Winner!

  • Race: Protoss Protoss
  • League: Diamond

VOD

Have the link to the VOD?

Description

Time

  • Played on: Dec. 16, 2015, 12:37 a.m.
  • Length: 4:29
Show
View Real Time Build Order
Export as new Build Order

김동현 Terran 

Build Orders: Command Center First (CC) 

Get SALT Encoding   

  12  0:01  SCV  
  13  0:13  SCV  
  14  0:18  Supply Depot  
  14  0:25  SCV  
  15  0:43  SCV  
  16  1:00  Command Center  
  16  1:03  SCV  
  17  1:17  SCV  
  17  1:18  Barracks  
  18  1:29  SCV  
  18  1:30  Refinery  
  19  1:42  SCV, Refinery  
  20  1:54  SCV  
  21  2:07  SCV  
  22  2:18  Orbital Command  
  22  2:20  Orbital Command  
  19  2:57  Marine  
  20  3:01  Bunker  
  18  3:13  SCV x2  
  18  3:14  Marine  
  20  3:25  SCV x2  
  19  3:32  Marine  
  17  3:37  SCV  
  10  3:55  Marine  
  6  4:17  SCV  
Show
View Real Time Build Order
Export as new Build Order

ILLBdA Protoss - Winner!

Build Orders:  

Get SALT Encoding   

  12  0:01  Probe (Chrono Boost)  
  13  0:11  Probe (Chrono Boost)  
  14  0:19  Pylon  
  14  0:22  Probe (Chrono Boost)  
  15  0:37  Probe (Chrono Boost)  
  15  0:38  Pylon  
  16  0:47  Probe (Chrono Boost)  
  17  0:57  Gateway  
  17  1:01  Gateway  
  17  1:07  Assimilator  
  17  1:20  Gateway  
  17  1:46  Cybernetics Core  
  19  1:48  Zealot x2 (Chrono Boost)  
  21  2:07  Pylon  
  21  2:12  Pylon  
  21  2:13  Zealot (Chrono Boost)  
  27  2:23  Adept x2 (Chrono Boost)  
  27  2:31  Mothership Core (Chrono Boost)  
  29  2:42  Adept  
  31  2:49  Adept  
  29  3:01  Pylon  
  29  3:09  Pylon  
  29  3:20  Adept  
  27  3:43  Adept  
  27  3:44  Adept  
  27  3:47  Adept  
  33  4:04  Pylon  
Tags
 
Add a new tag
Caveats
  • Supply blocks, unpowered buildings, or Contaminate may cause inaccurate times.
  • Supply counts are checked every 10 seconds.